 Dungeon Crawl Stone Soup version 0.18.1-48-g4cf74bf (webtiles) character file.

44 dvd the Chopper (level 3, -1/22 HPs)
             Began as a Gargoyle Gladiator on July 19, 2016.
             Slain by Sigmund
             ... wielding a +0 scythe
              (9 damage)
             ... on level 2 of the Dungeon.
             The game lasted 00:01:32 (650 turns).

dvd the Chopper (Gargoyle Gladiator)                 Turns: 650, Time: 00:01:33

Health: -1/22      AC:  7    Str: 18    XL:     3   Next: 60%
Magic:  3/3        EV: 12    Int:  8    God:
Gold:   28         SH:  0    Dex: 11    Spells: 0 memorised, 2 levels left

rFire  . . .     SeeInvis .     a - +0 war axe
rCold  . . .     Gourm    .     b - +0 leather armour
rNeg   + . .     Faith    .     (no shield)
rPois  ∞         Spirit   .     c - +0 helmet
rElec  +         Dismiss  .     (no cloak)
rCorr  .         Reflect  .     (no gloves)
SustAt .         Harm     .     (no boots)
MR     .....                    (no amulet)
Stlth  +.........               (no ring)
                                j - ring of wizardry

@: not resistant to hostile enchantments, very unstealthy
A: negative energy resistance 1, electricity resistance, unbreathing,
petrification resistance, rot immunity, AC +3
a: no special abilities


You were on level 2 of the Dungeon.
You were not hungry.

You visited 1 branch of the dungeon, and saw 2 of its levels.

You collected 28 gold pieces.

Inventory:

Hand Weapons
 a - a +0 war axe (weapon)
Missiles
 d - 3 throwing nets (quivered)
Armour
 b - a +0 leather armour (worn)
 c - a +0 helmet (worn)
Jewellery
 j - a ring of wizardry (left hand)
Scrolls
 e - a scroll of teleportation {unknown}
 i - a scroll of noise {unknown}
 k - 3 scrolls of identify {unknown}
Potions
 g - 3 potions of curing {unknown}
 l - a potion of brilliance {unknown}
 m - a potion of might {unknown}
Comestibles
 f - a bread ration
 h - 2 chunks of flesh


   Skills:
 + Level 2.8 Fighting
 + Level 3.2 Axes
 + Level 1.8 Throwing
 + Level 0.2 Armour
 + Level 2.8 Dodging
 + Level 0.2 Stealth


You had 2 spell levels left.
You didn't know any spells.

Dungeon Overview and Level Annotations

Branches:
Dungeon (2/15)

Altars:
Ru

Annotations:
D:2 Sigmund


Innate Abilities, Weirdness & Mutations

You are resistant to torment.
Your stone body is resilient (AC +3).
You are immune to poison.
You resist negative energy.
You are resistant to electric shocks.
You can survive without breathing.
You are immune to petrification.
You are immune to rotting.


Message History

Found a sacrificial altar of Ru.
You slash the adder!
The adder is severely wounded.
The adder bites you but does no damage. The adder closely misses you.
You closely miss the adder.
The adder is severely wounded.
The adder closely misses you. The adder bites you but does no damage.
You closely miss the adder.
The adder is severely wounded.
The adder bites you but does no damage. Something hits you.
Your leather armour prevents you from hitting the adder.
The adder is severely wounded.
The adder closely misses you. Something hits you but does no damage.
The adder bites you.
You hit the adder.
You kill the adder!
Something hits you!
You closely miss the hobgoblin. The hobgoblin closely misses you.
Something hits you!
You die...

...... #.........#
.....###....####.#
#......#### ..
#....g.# ..
#...)### .
####g.####### #
#.{..........
..#.#.#g###........
_......@##.......##
..#.#.###..####.##
#.#...####..##. #
#..#.........
#....###.####
#...<# ###..# #..#
.#..


You could see a hobgoblin.

Vanquished Creatures
  An adder (D:2)
  An ooze (D:1)
  A dart slug (D:1)
  A giant cockroach (D:1)
  5 goblins
  5 hobgoblins (D:1)
  3 jackals (D:1)
  2 bats (D:1)
  4 kobolds (D:1)
  A rat (D:1)
24 creatures vanquished.

Notes
Turn   | Place    | Note
--------------------------------------------------------------
     0 | D:1      | dvd the Gargoyle Gladiator began the quest for the Orb.
     0 | D:1      | Reached XP level 1. HP: 12/12 MP: 1/1
    87 | D:1      | Reached skill level 3 in Axes
    87 | D:1      | Reached XP level 2. HP: 12/17 MP: 2/2
   278 | D:1      | Reached XP level 3. HP: 14/22 MP: 3/3
   631 | D:2      | Noticed Sigmund
   643 | D:2      | Found a sacrificial altar of Ru.
   650 | D:2      | Slain by Sigmund

Skill      XL: |  1 |
---------------+----+-----
Axes           | 3 |  3.2
Fighting       | |  2.8
Throwing       | |  1.8
Armour         | |  0.2
Dodging        | |  2.8
Stealth        | |  0.2

Action                   || total
-------------------------++-------
Melee: War axe           ||    70
Armor: Leather armour    ||    36
Dodge: Dodged            ||    59
